Senateurs vs Rangers
Created - April 20, 2018 at 19:57
Goals
|
Senateurs |
1 |
2 |
1 |
4 |
Rangers |
2 |
2 |
2 |
6 |
|
Shots
|
Senateurs |
7 |
12 |
7 |
26 |
Rangers |
10 |
7 |
16 |
33 |
|
1st period
1. Rangers , Darren Reid 10 (Mark Fistric 25, Stephen Weiss 24) at 13:18
2. Senateurs , David Krejci 10 (Evgeni Malkin 58, Ondrej Pavelec) at 17:37
3. Rangers , James Neal 31 (Milan Lucic 62, Cam Barker 33) at 19:03
Penalties :
Milan Lucic (NYR) for Tripping (Minor) at 1:46, Patrice Bergeron (NYR) for Goalie Interference (Minor) at 7:57, Evgeni Malkin (Ott) for Interference (Minor) at 15:24
2nd period
4. Rangers , Milan Lucic 49 (James Neal 44) at 0:13
5. Senateurs , Cody Hodgson 21 (Marian Hossa 33, Brenden Morrow 36) at 0:50
6. Rangers , Matt Read 12 (Staffan Kronwall 19, Nathan Gerbe 8) at 18:31
7. Senateurs , Evgeni Malkin 52 (Thomas Vanek 51, Dan Hamhuis 30) at 19:08 (PP)
Penalties :
Evgeni Malkin (Ott) for Goalie Interference (Minor) at 16:15, Stephen Weiss (NYR) for Slashing (Minor) at 19:00
3rd period
8. Rangers , Jakob Silfverberg 25 (Stephen Weiss 25, Mike Cammalleri 19) at 6:54
9. Rangers , Darren Reid 11 (Alex Tanguay 24) at 11:43
10. Senateurs , Ramzi Abid 16 (Cody Hodgson 16, Brooks Orpik 5) at 14:25
Penalties :
Darren Reid (NYR) for Roughing (Minor) at 8:57, Nathan Gerbe (NYR) for High sticking (Minor) at 15:49
Goalie Stats
Jeff Deslauriers (Ott), 14 saves from 16 shots - (0.875), L, 8-10-0, 21:29 minutes
Ondrej Pavelec (Ott), 13 saves from 17 shots - (0.765), 38:31 minutes
Henrik Lundqvist (NYR), 22 saves from 26 shots - (0.846), W, 28-21-3, 60:00 minutes
Players Stats for Senateurs
Player Name G A P +/- PIM S H SB GA TA FO MP PP MP PK MP
------------------------------------------------------------------------------------
Brandon Dubinsky 0 0 0 1 0 0 0 0 0 1 3/6 13:32 0:00 1:42
Brenden Morrow 0 1 1 1 0 5 3 0 2 0 1/1 20:35 4:05 1:41
Brooks Orpik 0 1 1 1 0 0 1 0 1 0 0/0 11:09 0:00 0:00
Carlo Colaiacovo 0 0 0 -2 0 1 2 0 0 0 0/0 20:30 3:01 1:56
Cody Franson 0 0 0 -2 0 2 0 1 0 0 0/0 20:30 3:01 1:56
Cody Hodgson 1 1 2 1 0 2 2 0 0 0 4/13 18:22 4:05 0:00
Dan Girardi 0 0 0 0 0 0 0 0 0 0 0/0 3:00 0:00 0:00
Dan Hamhuis 0 1 1 -2 0 1 2 1 2 1 0/0 28:12 5:03 2:02
David Krejci 1 0 1 -1 0 1 1 0 1 0 1/1 6:05 0:00 0:25
Evgeni Malkin 1 1 2 -4 4 5 1 0 1 1 15/28 23:03 3:59 0:00
Johan Franzen 0 0 0 1 0 0 2 0 0 0 0/0 14:40 4:05 0:00
Kurtis Foster 0 0 0 -2 0 1 2 0 1 0 0/0 25:46 5:03 2:02
Marian Hossa 0 1 1 1 0 1 1 0 0 0 0/0 20:57 3:59 2:16
Pascal Dupuis 0 0 0 -4 0 0 1 0 1 0 0/1 16:27 0:00 0:00
Ramzi Abid 1 0 1 0 0 3 0 0 0 0 0/1 12:50 0:00 0:01
Sergei Kostitsyn 0 0 0 -1 0 0 1 0 0 0 2/2 8:48 0:00 1:51
Thomas Vanek 0 1 1 -4 0 3 1 0 1 0 1/4 20:41 3:59 0:00
Vladimir Mihalik 0 0 0 1 0 1 0 2 0 0 0/0 10:53 0:00 0:00
Players Stats for Rangers
Player Name G A P +/- PIM S H SB GA TA FO MP PP MP PK MP
------------------------------------------------------------------------------------
Alex Tanguay 0 1 1 1 0 1 3 0 0 0 0/0 12:53 2:08 1:10
Alexei Emelin 0 0 0 1 0 0 1 0 0 1 0/0 13:22 0:00 0:00
Cam Barker 0 1 1 4 0 2 2 0 0 2 0/0 26:29 2:08 4:31
Darren Reid 2 0 2 1 2 3 1 0 0 0 0/0 9:12 0:00 0:00
Jakob Silfverberg 1 0 1 0 0 6 7 0 0 1 1/2 18:19 2:03 2:26
James Neal 1 1 2 2 0 3 0 0 2 0 0/1 24:20 1:55 4:28
Mark Fistric 0 1 1 3 0 2 1 1 0 2 0/0 26:14 1:50 4:31
Matt Greene 0 0 0 -2 0 0 1 0 0 1 0/0 20:09 1:50 3:33
Matt Read 1 0 1 0 0 2 2 0 0 0 0/0 7:03 0:00 0:00
Mike Cammalleri 0 1 1 0 0 0 1 2 0 0 0/0 15:41 2:03 0:00
Milan Lucic 1 1 2 2 2 2 0 0 0 1 3/4 23:20 1:55 3:30
Nathan Gerbe 0 1 1 0 2 1 0 0 0 0 1/1 7:10 0:00 0:00
Patrice Bergeron 0 0 0 2 2 4 3 0 0 0 14/27 22:25 1:55 2:33
Ryan Suter 0 0 0 -1 0 1 2 1 0 0 0/0 18:05 0:00 3:33
Sean Couturier 0 0 0 0 0 0 1 0 0 0 1/3 9:12 0:00 2:01
Staffan Kronwall 0 1 1 1 0 0 0 0 1 2 0/0 13:22 0:00 0:00
Stephen Weiss 0 2 2 0 2 3 2 1 0 0 8/15 15:40 2:03 0:00
Valtteri Filppula 0 0 0 1 0 3 0 1 0 0 2/4 8:55 0:00 0:00
3 Stars
1 - James Neal (NYR)
2 - Darren Reid (NYR)
3 - Jakob Silfverberg (NYR)
Power Play
Senateurs - 1 on 5 Attempt(s) - 20.00%
Rangers - 0 on 2 Attempt(s) - 0.00%
Penalty Kill
Senateurs - 2 on 2 Attempt(s) - 100.00%
- Score 0 goal in Penalty Kill
Rangers - 4 on 5 Attempt(s) - 80.00%
- Score 0 goal in Penalty Kill
Team Stat
Senateurs - Hits : 20 - Faceoff Wins : 27 - Blocked Shots : 4 - Penalty Minutes : 4
Rangers - Hits : 27 - Faceoff Wins : 30 - Blocked Shots : 6 - Penalty Minutes : 10
Official
Referees : Morton Dean and L'Ecuyer Frederick
Linesman : Greg Devorski and Dan Schachte
Game Notes
Jeff Deslauriers enters game at 18:31 of 2nd period
Finance
Level 1 -- Attendance: 4912 (81.87%) -- Ticket Income $466,640
Level 2 -- Attendance: 3792 (75.84%) -- Ticket Income $227,520
Level 3 -- Attendance: 2000 (100.00%) -- Ticket Income $70,000
Level 4 -- Attendance: 4000 (100.00%) -- Ticket Income $100,000
Luxury Box -- Attendance: 670 (67.00%) -- Ticket Income $120,600
Game was played at the Madison Square Garden.
Total Attendance: 15374 (85.41%)
Total Ticket Income: $984,760
Other Income: $147,714
Total Income: $1,132,474
Senateurs
5 vs 5 Forward
Center Left Wing Right Wing Time % Phy DF OF
1 Evgeni Malkin Thomas Vanek Pascal Dupuis 40 1 2 2
2 Cody Hodgson Brenden Morrow Marian Hossa 30 1 2 2
3 Brandon Dubinsky Ramzi Abid Johan Franzen 20 1 2 2
4 David Krejci Sergei Kostitsyn Evgeni Malkin 10 1 2 2
5 vs 5 Defense
Defense Defense Time % Phy DF OF
1 Dan Hamhuis Kurtis Foster 40 1 2 2
2 Carlo Colaiacovo Cody Franson 30 1 2 2
3 Brooks Orpik Vladimir Mihalik 20 1 2 2
4 Dan Girardi Dan Hamhuis 10 1 2 2
PowerPlay Forward
Center Left Wing Right Wing Time % Phy DF OF
1 Evgeni Malkin Thomas Vanek Marian Hossa 60 1 2 2
2 Cody Hodgson Brenden Morrow Johan Franzen 40 1 2 2
PowerPlay Defense
Defense Defense Time % Phy DF OF
1 Dan Hamhuis Kurtis Foster 60 1 2 2
2 Carlo Colaiacovo Cody Franson 40 1 2 2
Penalty Kill 4 Players Forward
Center Wing Time % Phy DF OF
1 Evgeni Malkin Marian Hossa 60 1 2 2
2 Thomas Vanek Brenden Morrow 40 1 2 2
Penalty Kill 4 Players Defense
Defense Defense Time % Phy DF OF
1 Dan Hamhuis Kurtis Foster 60 1 2 2
2 Carlo Colaiacovo Cody Franson 40 1 2 2
Penalty Kill - 3 Players Forward
Forward Time % Phy DF OF
1 Evgeni Malkin 60 1 2 2
2 Marian Hossa 40 1 2 2
Penalty Kill - 3 Players Defense
Defense Defense Time % Phy DF OF
1 Dan Hamhuis Kurtis Foster 60 1 2 2
2 Carlo Colaiacovo Cody Franson 40 1 2 2
4 vs 4 Forward
Center Wing Time % Phy DF OF
1 Evgeni Malkin Marian Hossa 60 1 2 2
2 Thomas Vanek Brenden Morrow 40 1 2 2
4 vs 4 Defense
Defense Defense Time % Phy DF OF
1 Dan Hamhuis Kurtis Foster 60 1 2 2
2 Carlo Colaiacovo Cody Franson 40 1 2 2
Last Minutes Offensive
Center Left Wing Right Wing Defense Defense
Evgeni Malkin Thomas Vanek Marian Hossa Dan Hamhuis Kurtis Foster
Last Minutes Defensive
Center Left Wing Right Wing Defense Defense
Evgeni Malkin Thomas Vanek Marian Hossa Dan Hamhuis Kurtis Foster
Goaltenders
Starting : Ondrej Pavelec
Backup : Jeff Deslauriers
Extra Forwards
Normal : Ramzi Abid, Brandon Dubinsky, Sergei Kostitsyn - PP : Ramzi Abid, Brandon Dubinsky - PK : Sergei Kostitsyn
Extra Defensemen
Normal : Brooks Orpik, Vladimir Mihalik, Dan Girardi - PP : Brooks Orpik - PK : Vladimir Mihalik, Dan Girardi
Penalty Shots
Evgeni Malkin, Marian Hossa, Thomas Vanek, Brenden Morrow, Johan Franzen
Scratches
Milan Hejduk (Healthy), Ryan Malone (Healthy)
Rangers
5 vs 5 Forward
Center Left Wing Right Wing Time % Phy DF OF
1 Patrice Bergeron Milan Lucic James Neal 40 1 2 2
2 Stephen Weiss Mike Cammalleri Jakob Silfverberg 30 1 2 2
3 Valtteri Filppula Alex Tanguay Darren Reid 20 1 2 2
4 Sean Couturier Nathan Gerbe Matt Read 10 1 2 2
5 vs 5 Defense
Defense Defense Time % Phy DF OF
1 Cam Barker Mark Fistric 40 1 2 2
2 Matt Greene Ryan Suter 30 1 2 2
3 Staffan Kronwall Alexei Emelin 20 1 2 2
4 Cam Barker Mark Fistric 10 1 2 2
PowerPlay Forward
Center Left Wing Right Wing Time % Phy DF OF
1 Patrice Bergeron Milan Lucic James Neal 60 1 2 2
2 Stephen Weiss Mike Cammalleri Jakob Silfverberg 40 1 2 2
PowerPlay Defense
Defense Defense Time % Phy DF OF
1 Cam Barker Alex Tanguay 60 1 2 2
2 Matt Greene Mark Fistric 40 1 2 2
Penalty Kill 4 Players Forward
Center Wing Time % Phy DF OF
1 Milan Lucic James Neal 60 1 2 2
2 Patrice Bergeron Jakob Silfverberg 40 1 2 2
Penalty Kill 4 Players Defense
Defense Defense Time % Phy DF OF
1 Cam Barker Mark Fistric 60 1 2 2
2 Matt Greene Ryan Suter 40 1 2 2
Penalty Kill - 3 Players Forward
Forward Time % Phy DF OF
1 Milan Lucic 60 1 2 2
2 Patrice Bergeron 40 1 2 2
Penalty Kill - 3 Players Defense
Defense Defense Time % Phy DF OF
1 Cam Barker Mark Fistric 60 1 2 2
2 Matt Greene Ryan Suter 40 1 2 2
4 vs 4 Forward
Center Wing Time % Phy DF OF
1 Milan Lucic James Neal 60 1 2 2
2 Jakob Silfverberg Mike Cammalleri 40 1 2 2
4 vs 4 Defense
Defense Defense Time % Phy DF OF
1 Cam Barker Mark Fistric 60 1 2 2
2 Matt Greene Ryan Suter 40 1 2 2
Last Minutes Offensive
Center Left Wing Right Wing Defense Defense
Patrice Bergeron Milan Lucic James Neal Cam Barker Mark Fistric
Last Minutes Defensive
Center Left Wing Right Wing Defense Defense
Patrice Bergeron Milan Lucic James Neal Cam Barker Mark Fistric
Goaltenders
Starting : Henrik Lundqvist
Backup : Braden Holtby
Extra Forwards
Normal : Alex Tanguay, Darren Reid, Matt Read - PP : Alex Tanguay, Darren Reid - PK : Patrice Bergeron
Extra Defensemen
Normal : Staffan Kronwall, Alexei Emelin, Matt Greene - PP : Staffan Kronwall - PK : Alexei Emelin, Matt Greene
Penalty Shots
Milan Lucic, James Neal, Jakob Silfverberg, Patrice Bergeron, Stephen Weiss
Scratches
None
% Time on Ice - Senateurs
Lines # - Real PCT - Wanted PCT - Time Play
Normal Forward
1 - 36% - 40% - 17:24
2 - 32% - 30% - 15:10
3 - 21% - 20% - 10:07
4 - 11% - 10% - 5:17
Normal Defense
1 - 39% - 40% - 18:41
2 - 32% - 30% - 15:33
3 - 23% - 20% - 10:53
4 - 6% - 10% - 2:51
PP Forward
1 - 49% - 60% - 3:59
2 - 51% - 40% - 4:05
PP Defense
1 - 63% - 60% - 5:03
2 - 37% - 40% - 3:01
PK Forward
1 - 100% - 60% - 3:58
2 - 0% - 40% - 0:00
PK Defense
1 - 51% - 60% - 2:02
2 - 49% - 40% - 1:56
PK3 Forward
1 - 0% - 60%
2 - 0% - 40%
PK3 Defense
1 - 0% - 60%
2 - 0% - 40%
44 Forward
1 - 0% - 60%
2 - 0% - 40%
44 Defense
1 - 0% - 60%
2 - 0% - 40%
Last Minute Offensive - 0:00
Last Minute Defensive - 0:00
Total
Forward - 60:00
Defense - 60:00
|
% Time on Ice - Rangers
Lines # - Real PCT - Wanted PCT - Time Play
Normal Forward
1 - 39% - 40% - 18:30
2 - 28% - 30% - 13:40
3 - 19% - 20% - 8:55
4 - 14% - 10% - 6:53
Normal Defense
1 - 38% - 40% - 18:12
2 - 31% - 30% - 14:46
3 - 28% - 20% - 13:22
4 - 3% - 10% - 1:38
PP Forward
1 - 48% - 60% - 1:55
2 - 52% - 40% - 2:03
PP Defense
1 - 54% - 60% - 2:08
2 - 46% - 40% - 1:50
PK Forward
1 - 70% - 60% - 5:38
2 - 30% - 40% - 2:26
PK Defense
1 - 56% - 60% - 4:31
2 - 44% - 40% - 3:33
PK3 Forward
1 - 0% - 60%
2 - 0% - 40%
PK3 Defense
1 - 0% - 60%
2 - 0% - 40%
44 Forward
1 - 0% - 60%
2 - 0% - 40%
44 Defense
1 - 0% - 60%
2 - 0% - 40%
Last Minute Offensive - 0:00
Last Minute Defensive - 0:00
Total
Forward - 60:00
Defense - 60:00
|
Play by Play
1st period
0:01 of 1st period - Evgeni Malkin wins face-off versus Patrice Bergeron in neutral zone.
1:00 of 1st period - Cam Barker is hit by Carlo Colaiacovo and loses puck.
1:24 of 1st period - Snap shot by Sean Couturier.
1:24 of 1st period - Shot Misses the Net.
1:46 of 1st period - Minor Penalty to Milan Lucic for Tripping.
1:47 of 1st period - Patrice Bergeron wins face-off versus Evgeni Malkin in Rangers zone.
2:17 of 1st period - Off-side.
2:18 of 1st period - Evgeni Malkin wins face-off versus Patrice Bergeron in neutral zone.
3:16 of 1st period - Cody Franson is hit by Jakob Silfverberg and loses puck.
3:38 of 1st period - Cam Barker is hit by Brenden Morrow and loses puck.
3:46 of 1st period - Penalty to Milan Lucic is over, Milan Lucic is back on ice.
3:53 of 1st period - Wrist shot by Jakob Silfverberg.
3:53 of 1st period - Deflect By Dan Hamhuis.
3:53 of 1st period - Stopped by Ondrej Pavelec with a rebound.
5:49 of 1st period - Dan Girardi is hit by Jakob Silfverberg and loses puck.
6:36 of 1st period - Alexei Emelin is hit by Johan Franzen and loses puck.
7:10 of 1st period - Evgeni Malkin is hit by Matt Read and loses puck.
7:37 of 1st period - Ramzi Abid is hit by Jakob Silfverberg and loses puck.
7:57 of 1st period - Minor Penalty to Patrice Bergeron for Goalie Interference.
7:58 of 1st period - Evgeni Malkin wins face-off versus Milan Lucic in Rangers zone.
8:01 of 1st period - Snap shot by Evgeni Malkin.
8:01 of 1st period - Shot Blocked by Mark Fistric.
8:25 of 1st period - Wrist shot by Johan Franzen.
8:25 of 1st period - Shot Misses the Net.
8:27 of 1st period - Wrist shot by Brenden Morrow.
8:27 of 1st period - Stopped by Henrik Lundqvist without a rebound.
8:28 of 1st period - Sean Couturier wins face-off versus Cody Hodgson in Rangers zone.
8:43 of 1st period - Snap shot by Brenden Morrow.
8:43 of 1st period - Shot Blocked by Ryan Suter.
9:21 of 1st period - Wrist shot by Brenden Morrow.
9:21 of 1st period - Shot Misses the Net.
9:23 of 1st period - Wrist shot by Cody Hodgson.
9:23 of 1st period - Deflect By Brenden Morrow.
9:23 of 1st period - Shot Misses the Net.
9:23 of 1st period - Puck is out of play.
9:24 of 1st period - Evgeni Malkin wins face-off versus Sean Couturier in Rangers zone.
9:50 of 1st period - Marian Hossa is hit by Cam Barker.
9:57 of 1st period - Penalty to Patrice Bergeron is over, Patrice Bergeron is back on ice.
10:10 of 1st period - Ramzi Abid is hit by Mike Cammalleri and loses puck.
12:05 of 1st period - Evgeni Malkin is hit by Jakob Silfverberg and loses puck.
12:22 of 1st period - Alex Tanguay is hit by Johan Franzen and loses puck.
12:31 of 1st period - Slapshot by Cam Barker.
12:31 of 1st period - Stopped by Ondrej Pavelec with a rebound.
12:33 of 1st period - Slapshot by Cam Barker.
12:33 of 1st period - Stopped by Ondrej Pavelec with a rebound.
12:35 of 1st period - Wrist shot by Valtteri Filppula.
12:35 of 1st period - Stopped by Ondrej Pavelec without a rebound.
12:36 of 1st period - Cody Hodgson wins face-off versus Patrice Bergeron in Senateurs zone.
12:43 of 1st period - Snap shot by Brenden Morrow.
12:43 of 1st period - Shot Misses the Net.
13:14 of 1st period - Snap shot by Stephen Weiss.
13:14 of 1st period - Stopped by Ondrej Pavelec with a rebound.
13:18 of 1st period - Backhand shot by Darren Reid.
13:18 of 1st period - Goal by Darren Reid - Senateurs : 0 - Rangers : 1.
13:19 of 1st period - Evgeni Malkin wins face-off versus Patrice Bergeron in neutral zone.
13:22 of 1st period - Cam Barker is hit by Dan Hamhuis and loses puck.
13:35 of 1st period - Slapshot by Cam Barker.
13:35 of 1st period - Shot Misses the Net.
13:53 of 1st period - Wrist shot by Ramzi Abid.
13:53 of 1st period - Stopped by Henrik Lundqvist without a rebound.
13:54 of 1st period - Stephen Weiss wins face-off versus Brandon Dubinsky in Rangers zone.
14:27 of 1st period - Off-side.
14:28 of 1st period - Evgeni Malkin wins face-off versus Patrice Bergeron in neutral zone.
14:35 of 1st period - Wrist shot by Thomas Vanek.
14:35 of 1st period - Stopped by Henrik Lundqvist with a rebound.
14:37 of 1st period - Slapshot by Dan Hamhuis.
14:37 of 1st period - Shot Misses the Net.
14:39 of 1st period - Wrist shot by Thomas Vanek.
14:39 of 1st period - Stopped by Henrik Lundqvist without a rebound.
14:40 of 1st period - Evgeni Malkin wins face-off versus Patrice Bergeron in Rangers zone.
14:41 of 1st period - Wrist shot by Thomas Vanek.
14:41 of 1st period - Shot Misses the Net.
14:47 of 1st period - Slapshot by Mark Fistric.
14:47 of 1st period - Stopped by Ondrej Pavelec without a rebound.
14:48 of 1st period - Thomas Vanek wins face-off versus Patrice Bergeron in Senateurs zone.
15:01 of 1st period - Wrist shot by Patrice Bergeron.
15:01 of 1st period - Stopped by Ondrej Pavelec with a rebound.
15:03 of 1st period - Slapshot by Milan Lucic.
15:03 of 1st period - Shot Misses the Net.
15:05 of 1st period - Snap shot by Mark Fistric.
15:05 of 1st period - Shot Misses the Net.
15:07 of 1st period - Snap shot by Patrice Bergeron.
15:07 of 1st period - Shot Misses the Net.
15:17 of 1st period - Slapshot by James Neal.
15:17 of 1st period - Stopped by Ondrej Pavelec with a rebound.
15:24 of 1st period - Minor Penalty to Evgeni Malkin for Interference.
15:25 of 1st period - Sergei Kostitsyn wins face-off versus Stephen Weiss in Senateurs zone.
15:52 of 1st period - Off-side.
15:53 of 1st period - Patrice Bergeron wins face-off versus Brandon Dubinsky in neutral zone.
17:24 of 1st period - Penalty to Evgeni Malkin is over, Evgeni Malkin is back on ice.
17:37 of 1st period - Snap shot by David Krejci.
17:37 of 1st period - Goal by David Krejci - Senateurs : 1 - Rangers : 1.
17:38 of 1st period - Patrice Bergeron wins face-off versus Evgeni Malkin in neutral zone.
18:08 of 1st period - Snap shot by Ramzi Abid.
18:08 of 1st period - Shot Misses the Net.
18:10 of 1st period - Slapshot by Ramzi Abid.
18:10 of 1st period - Stopped by Henrik Lundqvist without a rebound.
18:11 of 1st period - Stephen Weiss wins face-off versus Brandon Dubinsky in Rangers zone.
18:11 of 1st period - Stephen Weiss is hit by Kurtis Foster.
18:41 of 1st period - Wrist shot by Valtteri Filppula.
18:41 of 1st period - Shot Misses the Net.
19:03 of 1st period - Snap shot by James Neal.
19:03 of 1st period - Goal by James Neal - Senateurs : 1 - Rangers : 2.
19:04 of 1st period - Patrice Bergeron wins face-off versus Cody Hodgson in neutral zone.
19:34 of 1st period - Matt Greene is hit by Kurtis Foster and loses puck.
19:39 of 1st period - Slapshot by Evgeni Malkin.
19:39 of 1st period - Stopped by Henrik Lundqvist without a rebound.
19:40 of 1st period - Patrice Bergeron wins face-off versus Cody Hodgson in Rangers zone.
19:40 of 1st period - Patrice Bergeron is hit by Cody Hodgson.
19:52 of 1st period - Snap shot by James Neal.
19:52 of 1st period - Shot Misses the Net.
Goals for this period are 1 for Senateurs vs 2 for Rangers.
Shots for this period are 7 for Senateurs vs 10 for Rangers.
2nd period
0:01 of 2nd period - Patrice Bergeron wins face-off versus Evgeni Malkin in neutral zone.
0:13 of 2nd period - Wrist shot by Milan Lucic.
0:13 of 2nd period - Goal by Milan Lucic - Senateurs : 1 - Rangers : 3.
0:14 of 2nd period - Patrice Bergeron wins face-off versus Evgeni Malkin in neutral zone.
0:42 of 2nd period - Snap shot by Brenden Morrow.
0:42 of 2nd period - Shot Misses the Net.
0:44 of 2nd period - Slapshot by Marian Hossa.
0:44 of 2nd period - Shot Misses the Net.
0:46 of 2nd period - Snap shot by Marian Hossa.
0:46 of 2nd period - Shot Misses the Net.
0:48 of 2nd period - Snap shot by Marian Hossa.
0:48 of 2nd period - Stopped by Henrik Lundqvist with a rebound.
0:50 of 2nd period - Snap shot by Cody Hodgson.
0:50 of 2nd period - Goal by Cody Hodgson - Senateurs : 2 - Rangers : 3.
0:51 of 2nd period - Stephen Weiss wins face-off versus Thomas Vanek in neutral zone.
1:16 of 2nd period - Brenden Morrow is hit by Ryan Suter and loses puck.
1:23 of 2nd period - Snap shot by Patrice Bergeron.
1:23 of 2nd period - Stopped by Ondrej Pavelec with a rebound.
1:25 of 2nd period - Snap shot by Patrice Bergeron.
1:25 of 2nd period - Stopped by Ondrej Pavelec without a rebound.
1:26 of 2nd period - Stephen Weiss wins face-off versus Evgeni Malkin in Senateurs zone.
2:04 of 2nd period - Icing by Cam Barker.
2:05 of 2nd period - Brandon Dubinsky wins face-off versus Patrice Bergeron in Rangers zone.
2:37 of 2nd period - Snap shot by Evgeni Malkin.
2:37 of 2nd period - Stopped by Henrik Lundqvist with a rebound.
2:39 of 2nd period - Slapshot by Evgeni Malkin.
2:39 of 2nd period - Shot Blocked by Stephen Weiss.
2:41 of 2nd period - Wrist shot by Thomas Vanek.
2:41 of 2nd period - Stopped by Henrik Lundqvist without a rebound.
2:42 of 2nd period - Valtteri Filppula wins face-off versus Cody Hodgson in Rangers zone.
2:42 of 2nd period - Valtteri Filppula is hit by Cody Hodgson.
2:48 of 2nd period - Snap shot by Marian Hossa.
2:48 of 2nd period - Shot Misses the Net.
2:50 of 2nd period - Snap shot by Brenden Morrow.
2:50 of 2nd period - Stopped by Henrik Lundqvist with a rebound.
2:52 of 2nd period - Snap shot by Kurtis Foster.
2:52 of 2nd period - Stopped by Henrik Lundqvist without a rebound.
2:53 of 2nd period - Patrice Bergeron wins face-off versus Evgeni Malkin in Rangers zone.
6:05 of 2nd period - Snap shot by Darren Reid.
6:05 of 2nd period - Stopped by Ondrej Pavelec with a rebound.
6:43 of 2nd period - Ryan Suter is hit by Brenden Morrow and loses puck.
7:08 of 2nd period - Matt Greene is hit by David Krejci and loses puck.
8:32 of 2nd period - Mark Fistric is hit by Evgeni Malkin and loses puck.
9:19 of 2nd period - Brenden Morrow is hit by Alex Tanguay and loses puck.
9:38 of 2nd period - Ramzi Abid is hit by Jakob Silfverberg and loses puck.
9:53 of 2nd period - Snap shot by Evgeni Malkin.
9:53 of 2nd period - Shot Misses the Net.
9:55 of 2nd period - Snap shot by Evgeni Malkin.
9:55 of 2nd period - Shot Blocked by Valtteri Filppula.
10:05 of 2nd period - Kurtis Foster is hit by Patrice Bergeron.
11:41 of 2nd period - Kurtis Foster is hit by Alex Tanguay and loses puck.
12:05 of 2nd period - Cody Franson is hit by Sean Couturier and loses puck.
12:37 of 2nd period - David Krejci is hit by Alex Tanguay and loses puck.
13:41 of 2nd period - Icing by Staffan Kronwall.
13:42 of 2nd period - Brandon Dubinsky wins face-off versus Stephen Weiss in Rangers zone.
14:06 of 2nd period - Marian Hossa is hit by Alexei Emelin and loses puck.
14:45 of 2nd period - Johan Franzen is hit by Jakob Silfverberg and loses puck.
15:05 of 2nd period - Snap shot by Brenden Morrow.
15:05 of 2nd period - Stopped by Henrik Lundqvist without a rebound.
15:06 of 2nd period - Brenden Morrow wins face-off versus James Neal in Rangers zone.
15:29 of 2nd period - Wrist shot by Cody Hodgson.
15:29 of 2nd period - Stopped by Henrik Lundqvist with a rebound.
15:44 of 2nd period - Staffan Kronwall is hit by Marian Hossa and loses puck.
15:58 of 2nd period - Off-side.
15:59 of 2nd period - Evgeni Malkin wins face-off versus Stephen Weiss in neutral zone.
15:59 of 2nd period - Kurtis Foster is hit by Stephen Weiss and loses puck.
16:08 of 2nd period - Snap shot by Stephen Weiss.
16:08 of 2nd period - Stopped by Ondrej Pavelec with a rebound.
16:10 of 2nd period - Snap shot by Jakob Silfverberg.
16:10 of 2nd period - Stopped by Ondrej Pavelec without a rebound.
16:11 of 2nd period - Stephen Weiss wins face-off versus Pascal Dupuis in Senateurs zone.
16:15 of 2nd period - Minor Penalty to Evgeni Malkin for Goalie Interference.
16:16 of 2nd period - Sergei Kostitsyn wins face-off versus Patrice Bergeron in Senateurs zone.
17:02 of 2nd period - Brandon Dubinsky is hit by Stephen Weiss and loses puck.
17:46 of 2nd period - Icing by James Neal.
17:47 of 2nd period - David Krejci wins face-off versus Stephen Weiss in Rangers zone.
17:52 of 2nd period - Snap shot by Brenden Morrow.
17:52 of 2nd period - Stopped by Henrik Lundqvist with a rebound.
18:06 of 2nd period - Milan Lucic is hit by Carlo Colaiacovo and loses puck.
18:15 of 2nd period - Penalty to Evgeni Malkin is over, Evgeni Malkin is back on ice.
18:23 of 2nd period - Snap shot by Evgeni Malkin.
18:23 of 2nd period - Stopped by Henrik Lundqvist with a rebound.
18:25 of 2nd period - Slapshot by Cody Franson.
18:25 of 2nd period - Stopped by Henrik Lundqvist without a rebound.
18:26 of 2nd period - Nathan Gerbe wins face-off versus Evgeni Malkin in Rangers zone.
18:31 of 2nd period - Wrist shot by Matt Read.
18:31 of 2nd period - Goal by Matt Read - Senateurs : 2 - Rangers : 4.
18:31 of 2nd period - Jeff Deslauriers enters game.
18:32 of 2nd period - Patrice Bergeron wins face-off versus Thomas Vanek in neutral zone.
18:35 of 2nd period - Dan Hamhuis is hit by Cam Barker and loses puck.
19:00 of 2nd period - Minor Penalty to Stephen Weiss for Slashing.
19:01 of 2nd period - Milan Lucic wins face-off versus Evgeni Malkin in Rangers zone.
19:08 of 2nd period - Wrist shot by Evgeni Malkin.
19:08 of 2nd period - Goal by Evgeni Malkin - Senateurs : 3 - Rangers : 4.
19:09 of 2nd period - Evgeni Malkin wins face-off versus Patrice Bergeron in neutral zone.
19:45 of 2nd period - Off-side.
19:46 of 2nd period - Stephen Weiss wins face-off versus Cody Hodgson in neutral zone.
Goals for this period are 2 for Senateurs vs 2 for Rangers.
Shots for this period are 12 for Senateurs vs 7 for Rangers.
3rd period
0:01 of 3rd period - Evgeni Malkin wins face-off versus Patrice Bergeron in neutral zone.
0:16 of 3rd period - Snap shot by Thomas Vanek.
0:16 of 3rd period - Shot Misses the Net.
0:22 of 3rd period - Evgeni Malkin is hit by Patrice Bergeron and loses puck.
0:33 of 3rd period - Wrist shot by Alex Tanguay.
0:33 of 3rd period - Shot Misses the Net.
0:35 of 3rd period - Wrist shot by Valtteri Filppula.
0:35 of 3rd period - Stopped by Jeff Deslauriers with a rebound.
0:37 of 3rd period - Snap shot by Valtteri Filppula.
0:37 of 3rd period - Stopped by Jeff Deslauriers without a rebound.
0:38 of 3rd period - Cody Hodgson wins face-off versus Valtteri Filppula in Senateurs zone.
1:44 of 3rd period - Snap shot by Brenden Morrow.
1:44 of 3rd period - Stopped by Henrik Lundqvist with a rebound.
2:14 of 3rd period - Wrist shot by Patrice Bergeron.
2:14 of 3rd period - Stopped by Jeff Deslauriers with a rebound.
2:26 of 3rd period - Marian Hossa is hit by Patrice Bergeron and loses puck.
2:39 of 3rd period - Wrist shot by James Neal.
2:39 of 3rd period - Deflect By Milan Lucic.
2:39 of 3rd period - Shot Blocked by Vladimir Mihalik.
2:39 of 3rd period - Puck is out of play.
2:40 of 3rd period - Brandon Dubinsky wins face-off versus Jakob Silfverberg in Senateurs zone.
2:40 of 3rd period - Brandon Dubinsky is hit by Jakob Silfverberg.
3:09 of 3rd period - Slapshot by Dan Hamhuis.
3:09 of 3rd period - Stopped by Henrik Lundqvist without a rebound.
3:10 of 3rd period - Evgeni Malkin wins face-off versus Valtteri Filppula in Rangers zone.
3:35 of 3rd period - Ryan Suter is hit by Brenden Morrow and loses puck.
3:58 of 3rd period - Wrist shot by Matt Read.
3:58 of 3rd period - Shot Misses the Net.
4:00 of 3rd period - Backhand shot by Mark Fistric.
4:00 of 3rd period - Shot Blocked by Cody Franson.
4:02 of 3rd period - Wrist shot by Matt Read.
4:02 of 3rd period - Stopped by Jeff Deslauriers without a rebound.
4:03 of 3rd period - Stephen Weiss wins face-off versus Evgeni Malkin in Senateurs zone.
4:04 of 3rd period - Snap shot by Jakob Silfverberg.
4:04 of 3rd period - Stopped by Jeff Deslauriers without a rebound.
4:05 of 3rd period - Evgeni Malkin wins face-off versus Stephen Weiss in Senateurs zone.
5:00 of 3rd period - Snap shot by Alex Tanguay.
5:00 of 3rd period - Shot Misses the Net.
5:02 of 3rd period - Backhand shot by Ryan Suter.
5:02 of 3rd period - Stopped by Jeff Deslauriers with a rebound.
5:04 of 3rd period - Snap shot by Alex Tanguay.
5:04 of 3rd period - Stopped by Jeff Deslauriers without a rebound.
5:05 of 3rd period - Evgeni Malkin wins face-off versus Stephen Weiss in Senateurs zone.
5:20 of 3rd period - Slapshot by Evgeni Malkin.
5:20 of 3rd period - Stopped by Henrik Lundqvist without a rebound.
5:21 of 3rd period - Patrice Bergeron wins face-off versus Cody Hodgson in Rangers zone.
5:46 of 3rd period - Evgeni Malkin is hit by Mark Fistric and loses puck.
6:11 of 3rd period - Snap shot by Nathan Gerbe.
6:11 of 3rd period - Stopped by Jeff Deslauriers without a rebound.
6:12 of 3rd period - Cody Hodgson wins face-off versus Sean Couturier in Senateurs zone.
6:17 of 3rd period - Snap shot by Cody Hodgson.
6:17 of 3rd period - Deflect By Matt Read.
6:17 of 3rd period - Shot Misses the Net.
6:17 of 3rd period - Puck is out of play.
6:18 of 3rd period - Cody Hodgson wins face-off versus Patrice Bergeron in Rangers zone.
6:52 of 3rd period - Snap shot by Jakob Silfverberg.
6:52 of 3rd period - Shot Misses the Net.
6:54 of 3rd period - Backhand shot by Jakob Silfverberg.
6:54 of 3rd period - Goal by Jakob Silfverberg - Senateurs : 3 - Rangers : 5.
6:55 of 3rd period - Evgeni Malkin wins face-off versus Patrice Bergeron in neutral zone.
7:31 of 3rd period - Snap shot by Stephen Weiss.
7:31 of 3rd period - Stopped by Jeff Deslauriers with a rebound.
8:19 of 3rd period - Off-side.
8:20 of 3rd period - Patrice Bergeron wins face-off versus Cody Hodgson in neutral zone.
8:47 of 3rd period - Jakob Silfverberg is hit by Pascal Dupuis and loses puck.
8:52 of 3rd period - Snap shot by Evgeni Malkin.
8:52 of 3rd period - Shot Blocked by Mike Cammalleri.
8:54 of 3rd period - Wrist shot by Vladimir Mihalik.
8:54 of 3rd period - Stopped by Henrik Lundqvist without a rebound.
8:55 of 3rd period - Valtteri Filppula wins face-off versus Thomas Vanek in Rangers zone.
8:57 of 3rd period - Minor Penalty to Darren Reid for Roughing.
8:58 of 3rd period - Milan Lucic wins face-off versus Evgeni Malkin in Rangers zone.
9:27 of 3rd period - Cam Barker is hit by Dan Hamhuis and loses puck.
10:49 of 3rd period - Marian Hossa is hit by Matt Greene and loses puck.
10:57 of 3rd period - Penalty to Darren Reid is over, Darren Reid is back on ice.
11:08 of 3rd period - Staffan Kronwall is hit by Sergei Kostitsyn and loses puck.
11:31 of 3rd period - Snap shot by Jakob Silfverberg.
11:31 of 3rd period - Stopped by Jeff Deslauriers with a rebound.
11:43 of 3rd period - Snap shot by Alex Tanguay.
11:43 of 3rd period - Deflect By Darren Reid.
11:43 of 3rd period - Goal by Darren Reid - Senateurs : 3 - Rangers : 6.
11:44 of 3rd period - Patrice Bergeron wins face-off versus Evgeni Malkin in neutral zone.
11:51 of 3rd period - Snap shot by Milan Lucic.
11:51 of 3rd period - Shot Misses the Net.
11:53 of 3rd period - Slapshot by Mark Fistric.
11:53 of 3rd period - Stopped by Jeff Deslauriers with a rebound.
11:55 of 3rd period - Wrist shot by James Neal.
11:55 of 3rd period - Shot Blocked by Dan Hamhuis.
12:10 of 3rd period - Icing by Milan Lucic.
12:11 of 3rd period - Patrice Bergeron wins face-off versus Cody Hodgson in Rangers zone.
13:38 of 3rd period - Slapshot by Jakob Silfverberg.
13:38 of 3rd period - Stopped by Jeff Deslauriers without a rebound.
13:39 of 3rd period - Evgeni Malkin wins face-off versus Stephen Weiss in Senateurs zone.
14:04 of 3rd period - Patrice Bergeron is hit by Brooks Orpik and loses puck.
14:13 of 3rd period - Slapshot by James Neal.
14:13 of 3rd period - Stopped by Jeff Deslauriers with a rebound.
14:15 of 3rd period - Snap shot by Milan Lucic.
14:15 of 3rd period - Stopped by Jeff Deslauriers with a rebound.
14:25 of 3rd period - Wrist shot by Ramzi Abid.
14:25 of 3rd period - Goal by Ramzi Abid - Senateurs : 4 - Rangers : 6.
14:26 of 3rd period - Patrice Bergeron wins face-off versus Evgeni Malkin in neutral zone.
14:56 of 3rd period - Slapshot by Ramzi Abid.
14:56 of 3rd period - Shot Blocked by Mike Cammalleri.
15:39 of 3rd period - Evgeni Malkin is hit by Matt Read and loses puck.
15:49 of 3rd period - Minor Penalty to Nathan Gerbe for High sticking.
15:50 of 3rd period - Milan Lucic wins face-off versus Evgeni Malkin in Rangers zone.
16:21 of 3rd period - Wrist shot by Carlo Colaiacovo.
16:21 of 3rd period - Shot Misses the Net.
16:23 of 3rd period - Slapshot by Cody Franson.
16:23 of 3rd period - Shot Misses the Net.
16:25 of 3rd period - Slapshot by Cody Franson.
16:25 of 3rd period - Stopped by Henrik Lundqvist without a rebound.
16:26 of 3rd period - Jakob Silfverberg wins face-off versus Cody Hodgson in Rangers zone.
16:39 of 3rd period - Snap shot by Carlo Colaiacovo.
16:39 of 3rd period - Stopped by Henrik Lundqvist with a rebound.
17:49 of 3rd period - Penalty to Nathan Gerbe is over, Nathan Gerbe is back on ice.
17:51 of 3rd period - Sean Couturier is hit by Thomas Vanek and loses puck.
18:17 of 3rd period - Icing by Cam Barker.
18:18 of 3rd period - Stephen Weiss wins face-off versus Ramzi Abid in Rangers zone.
19:05 of 3rd period - Thomas Vanek is hit by Ryan Suter and loses puck.
19:12 of 3rd period - Wrist shot by Alex Tanguay.
19:12 of 3rd period - Shot Misses the Net.
19:54 of 3rd period - David Krejci is hit by Darren Reid and loses puck.
19:59 of 3rd period - Wrist shot by Jakob Silfverberg.
19:59 of 3rd period - Shot Blocked by Vladimir Mihalik.
Goals for this period are 1 for Senateurs vs 2 for Rangers.
Shots for this period are 7 for Senateurs vs 16 for Rangers.
Back to the Top